 Dungeon Crawl Stone Soup version 0.28-a0-773-g130ae17fe5 (webtiles) character file.

Game seed: 3853234156524494014

34 Essalna the Firebug (level 3, -3/20 HPs)
             Began as a Gargoyle Fire Elementalist on Nov 2, 2021.
             Slain by Sigmund (9 damage)
             ... on level 3 of the Dungeon.
             The game lasted 00:02:22 (1629 turns).

Essalna the Firebug (Gargoyle Fire Elementalist)    Turns: 1629, Time: 00:02:22

Health: -3/20      AC: 10    Str: 11    XL:     3   Next: 31%
Magic:  3/6        EV: 10    Int: 16    God:
Gold:   41         SH:  0    Dex: 10    Spells: 5/6 levels left

rFire   + . .      SeeInvis .   c - +0 short sword
rCold   . . .      Faith    .   (no shield)
rNeg    + . .      Spirit   .   d - +1 ring mail {rF+}
rPois   ∞          Reflect  .   g - +0 helmet
rElec   +          Harm     .   (no cloak)
rCorr   .          Rampage  .   (no gloves)
Will    .....                   (no boots)
Stlth   +.........              (no amulet)
HPRegen 0.06/turn               (no ring)
MPRegen 0.10/turn               (no ring)

@: slowed, very slow
A: sickness immunity, AC +3, negative energy resistance 1, electricity
resistance, torment resistance 1, petrification resistance
a: no special abilities


You were on level 3 of the Dungeon.
You visited 1 branch of the dungeon, and saw 3 of its levels.

You collected 41 gold pieces.

Inventory:

Hand Weapons
 c - a +0 short sword (weapon)
Armour
 a - a +0 robe
 d - a +1 ring mail of fire resistance (worn)
 g - a +0 helmet (worn)
Scrolls
 e - a scroll of identify {unknown}
 f - a scroll of noise {unknown}
Potions
 b - 4 potions of curing {unknown}


   Skills:
 + Level 0.6 Fighting
 + Level 0.5 Armour
 + Level 1.7 Dodging
 - Level 2.1 Stealth
 + Level 2.4 Spellcasting
 + Level 1.9 Conjurations
 + Level 3.3 Fire Magic


You had 5 spell levels left.
You knew the following spells:

 Your Spells              Type           Power      Damage    Failure   Level
a - Foxfire               Conj/Fire      40%        2x1d6     17%         1

Your spell library contained the following spells:

 Spells                   Type           Power      Damage    Failure   Level
 Scorch                   Fire           24%        2d6       19%         2
 Slow                     Hex            4%         N/A       43%         1
 Conjure Flame            Conj/Fire      10%        6-21      45%         3
 Inner Flame              Hex/Fire       7%         N/A       58%         3
 Confusing Touch          Hex            1%         N/A       82%         3
 Vampiric Draining        Necr           1%         2d6       82%         3
 Flame Wave               Conj/Fire      10%        3d4       86%         4


Dungeon Overview and Level Annotations

Branches:
Dungeon (3/15)

Altars:
Ru

Annotations:
D:2 Terence
D:3 Sigmund


Innate Abilities, Weirdness & Mutations

You are immune to sickness and miasma.
Your stone body is resilient. (AC +3)
You are immune to poison.
You resist negative energy. (rN+)
You are resistant to electric shocks. (rElec)
You are resistant to unholy torment.
You are immune to petrification.


Message History

You conjure some foxfire!
Natasha stares at you and mumbles some strange words.
You feel yourself slow down.
You hit Natasha.
Natasha is moderately wounded.
The foxfire hits Natasha.
Natasha is moderately wounded.
The foxfire hits Natasha.
Natasha is heavily wounded.
Natasha claws you.
You conjure some foxfire!
Natasha barely misses you. Natasha claws you but does no damage.
You closely miss Natasha.
Natasha is heavily wounded.
The foxfire hits Natasha.
Natasha is almost dead.
The foxfire hits Natasha.
Natasha is almost dead.
Sigmund hits you from afar with a +0 scythe.
Natasha casts a spell at you. The magic dart hits you!
Sigmund casts a spell.
Sigmund flickers and vanishes!
Deactivating autopickup; reactivate with Ctrl-A.
Natasha claws you but does no damage.
You are too injured to fight recklessly!
Casting: Foxfire (safe; 17% risk of failure)
Confirm with . or Enter, or press ? or * to list all spells.
You conjure some foxfire!
Something hits you.
* * * LOW HITPOINT WARNING * * *
Natasha barely misses you.
You hit Natasha but do no damage.
Natasha is almost dead.
The foxfire hits Natasha but does no damage.
Natasha is almost dead.
The foxfire hits Natasha.
You kill Natasha!
Natasha growls in agony!
Something hits you!
You die...

..............# #
#.....@.h.@.. #.
#.# #S# #..#.# #h#
#..#.# #.#
#..#.###.#####.#
#....{.S.......#
##.#S###########
#.#@.(.....
########.#§#######
..................
########.#.#######
#.#.# ######.#.# #
#........##.##
#.####........
#...##.##


You could see an adder.

Vanquished Creatures
  Natasha (D:3)
  An adder (D:2)
  A dart slug (D:1)
  A ball python (D:1)
  2 bats (D:1)
  4 endoplasms
  A giant cockroach (D:1)
  3 goblins (D:1)
  A kobold (D:1)
  A quokka (D:1)
  A frilled lizard (D:1)
  4 rats
21 creatures vanquished.

Vanquished Creatures (others)
  77 foxfires
77 creatures vanquished.

Grand Total: 98 creatures vanquished

Notes
Turn   | Place    | Note
-------+----------+-------------------------------------------
     0 | D:1      | Essalna the Gargoyle Fire Elementalist began the quest for
                  | the Orb.
     0 | D:1      | Reached XP level 1. HP: 10/10 MP: 3/3
   467 | D:1      | Reached XP level 2. HP: 15/15 MP: 0/5
  1001 | D:1      | Found a faded altar of an unknown god.
  1379 | D:2      | Noticed Terence
  1396 | D:2      | Found a sacrificial altar of Ru.
  1403 | D:2      | Reached XP level 3. HP: 20/20 MP: 0/6
  1615 | D:3      | Noticed Sigmund
  1615 | D:3      | Noticed Natasha
  1629 | D:3      | Killed Natasha
  1629 | D:3      | Slain by Sigmund

Illustrated notes

Levels and vault maps discovered:
D:1:      dpeg_arrival_pits, layout_basic,
          hellmonk_ecumenical_altar_slurped_away
D:2:      layout_basic, basic_altar, uniq_terence
D:3:      layout_basic, mainiacjoe_overflow_catwalk, mainiacjoe_overflow_paths,
          st_stairs_7, kennysheep_generic_room_7, uniq_grinder, uniq_sigmund,
          uniq_natasha

Action                   || total
-------------------------++-------
Melee: Short sword       ||    34
       Unarmed           ||     1
 Cast: Foxfire           ||    46
Armor: Ring mail         ||    12
Dodge: Dodged            ||    23

Table legend: (Time is in decaauts)
 A = Elapsed time spent in this place.
 B = Non-inter-level travel time spent in this place.
 C = Inter-level travel time spent in this place.
 D = Time resting spent in this place.
 E = Time spent auto-exploring this place.
 F = Levels seen in this place.
 G = Mean time per level.
                   A        B        C        D        E       F      G
               +--------+--------+--------+--------+--------+-----+--------+
         Total |   1634 |   1593 |     41 |      0 |   1390 |   3 |  544.7 |
       Dungeon |   1634 |   1593 |     41 |      0 |   1390 |   3 |  544.7 |
               +--------+--------+--------+--------+--------+-----+--------+

Top non-repeatable levels by time:
     D:1: 1396 daAuts
     D:2: 160 daAuts
     D:3: 78 daAuts
